 Dungeon Crawl Stone Soup version 0.23-a0-642-g3120c2f (webtiles) character file.

77 nikopol the Chopper (level 4, -2/61 HPs)
             Began as a Minotaur Berserker on Dec 28, 2018.
             Was a Believer of Trog.
             Slain by a gnoll
             ... wielding a +0 club
              (7 damage)
             ... on level 2 of the Dungeon on Dec 30, 2018.
             The game lasted 00:02:29 (798 turns).

nikopol the Chopper (Minotaur Berserker)             Turns: 798, Time: 00:02:30

Health: -2/61      AC:  5    Str: 27    XL:     4   Next: 13%
Magic:  3/3        EV: 11    Int:  4    God:    Trog [**....]
Gold:   103        SH:  0    Dex: 10    Spells: 3/3 levels left

rFire    . . .     SeeInvis .   a - +0 hand axe
rCold    . . .     Gourm    .   (no shield)
rNeg     . . .     Faith    .   h - +0 ring mail
rPois    .         Spirit   .   (helmet restricted)
rElec    .         Reflect  .   (no cloak)
rCorr    .         Harm     .   (no gloves)
MR       .....                  (no boots)
Stlth    ..........             (no amulet)
HPRegen  0.20/turn              (no ring)
MPRegen  0.08/turn              (no ring)

@: berserking, very quick
A: retaliatory headbutt, horns 2
a: Berserk, Trog's Hand, Renounce Religion


You were on level 2 of the Dungeon.
You worshipped Trog.
Trog was pleased with you.
You were hungry.

You visited 1 branch of the dungeon, and saw 2 of its levels.

You collected 103 gold pieces.

Inventory:

Hand Weapons
 a - a +0 hand axe (weapon)
Armour
 b - a +0 animal skin
 g - a +0 scale mail
 h - a +0 ring mail (worn)
Scrolls
 d - 2 scrolls of remove curse {unknown}
 e - 5 scrolls of identify {unknown}
Potions
 f - a potion of degeneration {unknown}
 i - 3 potions of brilliance {unknown}
 j - a potion of curing
 k - a potion of agility {unknown}
Comestibles
 c - 2 rations


   Skills:
 + Level 4.5 Fighting
 + Level 4.9 Axes
 + Level 2.7 Armour
 + Level 2.5 Dodging
 + Level 0.2 Stealth


You had 3 spell levels left.
You didn't know any spells.
Your spell library was empty.

Dungeon Overview and Level Annotations

Branches:
Dungeon (2/15)

Altars:


Innate Abilities, Weirdness & Mutations

You reflexively headbutt those who attack you in melee.
You have a pair of horns on your head.


Message History

You feel quite a bit more hungry. The gnoll hits you but does no damage.
The gnoll barely misses you. You furiously retaliate!
You headbutt the gnoll.
You kill the gnoll!
Trog accepts your kill.
You feel a strong urge to attack something.
The gnoll barely misses you. You furiously retaliate!
You headbutt the gnoll! The goblin closely misses you. You furiously retaliate!
You headbutt the goblin!
You kill the goblin!
Trog accepts your kill.
You see here a +0 flail.
You slash the gnoll!
You kill the gnoll!
Trog accepts your kill.
You have reached level 4!
You feel agile.
You closely miss the gnoll.
You are feeling hungry.
You barely miss the gnoll. The gnoll hits you with a +0 club!
You die...

...................
................#
.....#..........#
...####.........#...># #.#
⌠. ####
#######..##!...####..# ...
# #######.## ......#.#
##... #.......#
#.......##...#
#.......#####.#...........
#........†@)w......##..#
#.)..[.####g..........##
#......# ##........)...#
######.###..###...##.......
##...........###...#
.......
##.............##...#
.......
#...............#...#
.......
#..>............#####
....... #...............#
.......


You could see a worm and a gnoll.

Vanquished Creatures
  2 gnolls (D:2)
  A dart slug (D:2)
  2 leopard geckos
  2 ball pythons (D:1)
  5 bats
  5 giant cockroaches
  7 goblins
  3 hobgoblins
  7 jackals (D:1)
  2 frilled lizards (D:1)
  6 kobolds
  2 rats
44 creatures vanquished.

Notes
Turn   | Place    | Note
-------+----------+-------------------------------------------
     0 | D:1      | nikopol the Minotaur Berserker began the quest for the Orb.
     0 | D:1      | Reached XP level 1. HP: 19/19 MP: 0/0
    57 | D:1      | Reached XP level 2. HP: 18/27 MP: 1/1
    88 | D:1      | Upgraded the game from 0.23-a0-636-g0ff6057 to
                  | 0.23-a0-642-g3120c2f
   351 | D:1      | Reached ** piety under Trog
   373 | D:1      | Reached XP level 3. HP: 33/33 MP: 2/2
   797 | D:2      | Reached XP level 4. HP: 5/41 MP: 3/3
   798 | D:2      | Slain by a gnoll

Vault maps used:
D:1:      roderic_chinese_lattice_arrival
D:2:      lemuel_doored_altar, nemelex_xobeh_ov_fountains_minmay, uniq_robin

Skill      XL: |  1  2 |
---------------+-------+-----
Axes           | 4 |  4.9
Fighting       | 4 |  4.5
Armour         | |  2.7
Dodging        | |  2.5
Stealth        | |  0.2

Action                   |  1- 3 |  4- 6 || total
-------------------------+-------+-------++-------
Melee: Hand axe          |    78 |     1 ||    79
       Headbutt          |    15 |       ||    15
Invok: Berserk           |     1 |       ||     1
Armor: Animal skin       |    15 |       ||    15
       Ring mail         |    18 |       ||    18
Dodge: Dodged            |    67 |       ||    67

Table legend:
 A = Non-vault XP
 B = Vault XP
 C = Vault XP percentage of total XP
 D = Non-vault monster count
 E = Vault monster count
 F = Vault count percentage of total count
                 A         B        C        D         E       F
            +---------+---------+-------+---------+---------+-------
      Total |     110 |       0 |   0.0 |      44 |       0 |   0.0
            +---------+---------+-------+---------+---------+-------
        D:1 |      53 |       0 |   0.0 |      28 |       0 |   0.0
        D:2 |      57 |       0 |   0.0 |      16 |       0 |   0.0
            +---------+---------+-------+---------+---------+-------
